 Dungeon Crawl Stone Soup version 0.24.0-7-gb3623d2c88 (webtiles) character file.

Game seed: 5501525805874982417, levelgen mode: deterministic

3923 Delamore the Severer (level 10, -17/91 HPs)
             Began as a Hill Orc Monk on Nov 1, 2019.
             Was an Elder of Beogh.
             Demolished by a two-headed ogre
             ... wielding a +0 giant club
              (25 damage)
             ... on level 9 of the Dungeon on Nov 2, 2019.
             The game lasted 01:08:17 (11618 turns).

Delamore the Severer (Hill Orc Monk)               Turns: 11618, Time: 01:08:17

Health: -17/91     AC: 10    Str: 18    XL:     10   Next: 20%
Magic:  10/10      EV: 11    Int: 10    God:    Beogh [****..]
Gold:   526        SH:  0    Dex: 18    Spells: 9/9 levels left

rFire    . . .     SeeInvis .   a - +0 hand axe
rCold    . . .     Gourm    .   (no shield)
rNeg     . . .     Faith    .   y - +1 scale mail
rPois    .         Spirit   .   B - +0 helmet
rElec    .         Reflect  .   j - +0 cloak (curse)
rCorr    .         Harm     .   (no gloves)
MR       +....                  F - +0 pair of boots
Stlth    +.........             u - amulet of rage
HPRegen  0.25/turn              G - ring of protection from magic
MPRegen  0.12/turn              D - +5 ring of dexterity

@: no status effects
A: no striking features
a: Smiting, Recall Orcish Followers, Renounce Religion, Evoke Berserk Rage


You were on level 9 of the Dungeon.
You worshipped Beogh.
Beogh was greatly pleased with you.
You were not hungry.

You visited 1 branch of the dungeon, and saw 9 of its levels.

You collected 526 gold pieces.

Inventory:

Hand Weapons
 a - a +0 hand axe (weapon)
 C - a +3 scimitar of flaming
 E - a +1 war axe
 H - a +2 falchion of draining
 I - a +2 whip of draining
 R - a +0 dire flail
Missiles
 k - 41 poisoned darts (quivered)
Armour
 j - a cursed +0 cloak (worn)
 y - a +1 scale mail (worn)
 B - a +0 helmet (worn)
 F - a +0 pair of boots (worn)
 M - a +0 plate armour
 T - a +0 robe
Jewellery
 f - an uncursed ring of stealth
 h - an uncursed ring of ice
 u - an amulet of rage (around neck)
 D - a +5 ring of dexterity (right hand)
 G - a ring of protection from magic (left hand)
 O - an uncursed ring of protection from fire
Wands
 g - a wand of digging (5)
 J - a wand of iceblast (12)
 N - a wand of disintegration (16)
 P - a wand of polymorph (6)
 Q - a wand of flame (14)
Scrolls
 b - 6 scrolls of remove curse
 d - a scroll of fog {unknown}
 l - a scroll of enchant weapon
 m - 2 scrolls of enchant armour
 n - a scroll of teleportation
 x - a scroll of identify
 K - a scroll of noise {unknown}
 S - a scroll of fear {unknown}
Potions
 e - a potion of invisibility {unknown}
 i - a potion of haste {unknown}
 o - 2 potions of mutation
 p - 3 potions of brilliance
 q - a potion of resistance {unknown}
 r - 2 potions of might
 s - a potion of berserk rage {unknown}
 t - 3 potions of curing
 v - 3 potions of degeneration
 w - 2 potions of lignification
 z - a potion of ambrosia {unknown}
 L - a potion of flight {unknown}
Comestibles
 c - 19 rations


   Skills:
 + Level 9.4 Fighting
 * Level 15.6 Axes
 - Level 2.4 Dodging
 - Level 1.5 Stealth


You had 9 spell levels left.
You didn't know any spells.
Your spell library contained the following spells:

 Spells                   Type           Power        Failure   Level  Hunger
 Corona                   Hex            #......      78%         1    ##.....
 Summon Small Mammal      Summ           #...         78%         1    ##.....
 Call Imp                 Summ           #.......     89%         2    ###....
 Slow                     Hex            #.......     89%         2    ###....
 Call Canine Familiar     Summ           #.......     98%         3    ####...
 Inner Flame              Hex/Fire       #.......     98%         3    ####...
 Portal Projectile        Hex/Tloc       #.....       98%         3    ####...
 Summon Guardian Golem    Hex/Summ       #.......     98%         3    ####...
 Cause Fear               Hex            #.........   100%        4    #####..
 Leda's Liquefaction      Hex/Erth       #.........   100%        4    #####..
 Summon Ice Beast         Ice/Summ       #.......     100%        4    #####..
 Summon Lightning Spire   Summ/Air       #.......     100%        4    #####..


Dungeon Overview and Level Annotations

Branches:
Dungeon (9/15)             Temple (0/1) D:5
   Lair: D:8-11         Orc: D:9-12

Altars:
Dithmenos
Fedhas
Ru


Message History

Your orc warrior hits the two-headed ogre with a +0 short sword!
You catch the helpless two-headed ogre completely off-guard!
You hit the two-headed ogre.
The two-headed ogre is severely wounded.
Your orc throws a boomerang.
The boomerang barely misses the two-headed ogre.
The weapon returns to your orc!
The two-headed ogre hits you but does no damage.
The two-headed ogre hits you with a +0 dire flail.
* * * LOW HITPOINT WARNING * * *
You slash the two-headed ogre!
The two-headed ogre is severely wounded.
Your orc warrior barely misses the two-headed ogre.
Your orc throws a boomerang.
The boomerang hits the two-headed ogre.
The weapon returns to your orc!
Unknown command.
You hit the two-headed ogre.
The two-headed ogre is almost dead.
The two-headed ogre hits you with a +0 giant club!!
You die...

#' .. .## .. o# ##)# #.o# #O##
#@# #.# ## #.# .## #.# ..#
#####.### #.# #.......#
#######+## #.### #.......###
#......... ....# #.........#
#.........
....########.......#.###.........


You could see a two-headed ogre, a friendly orc warrior and a friendly orc.

Vanquished Creatures
  Erica (D:9)
  A two-headed ogre (D:8)
  Pikel (D:5)
  A hippogriff (D:9)
  Edmund (D:5)
  The ghost of Acheron the Sneak, an amateur VSAs (D:5)
  A black bear (D:7)
  A sky beast (D:7)
  A slave (D:5)
  2 ogres (D:8)
  3 centaurs
  A phantom (D:8)
  A bullfrog (D:8)
  A scorpion (D:4)
  3 crimson imps
  A quasit (D:9)
  2 hounds
  2 orc priests (D:3)
  A centaur skeleton (D:6)
  Crazy Yiuf (D:3)
  Terence (D:3)
  An iguana (D:5)
  Natasha (D:2)
  3 orc wizards
  7 worker ants
  A hound skeleton (D:7)
  Robin (D:3)
  8 gnolls (D:3)
  10 adders
  An ooze (D:4)
  An adder skeleton (D:4)
  4 worms
  5 dart slugs
  4 leopard geckos
  9 orcs
  11 bats
  8 giant cockroaches
  13 goblins
  17 hobgoblins
  12 jackals
  8 kobolds
  2 quokkas
  3 ball pythons
  2 ball python skeletons (D:4)
  5 frilled lizards
  A giant cockroach zombie (D:5)
  A jackal skeleton (D:7)
  A jackal zombie (D:7)
  A leopard gecko skeleton (D:4)
  11 rats
180 creatures vanquished.

Vanquished Creatures (collateral kills)
  An orc warrior (D:9)
  2 slaves (D:5)
  An ice beast (D:7)
  2 phantoms
  2 ogres
  A crimson imp (D:5)
  2 hounds (D:8)
  A jelly (D:6)
  An orc priest (D:8)
  An orc wizard (D:5)
  A centaur skeleton (D:6)
  4 worker ants
  A gnoll (D:4)
  A worker ant zombie (D:5)
  4 adders
  A worm (D:5)
  A leopard gecko (D:5)
  2 orcs
  2 giant cockroaches
  7 jackals
38 creatures vanquished.

Vanquished Creatures (others)
  3 orc warriors (D:9)
  2 orc priests
  An orc wizard (D:4)
  2 leopard geckos (D:3)
  11 orcs
  A quokka (D:3)
  A ball python (D:3)
21 creatures vanquished.

Grand Total: 239 creatures vanquished

Notes
Turn   | Place    | Note
-------+----------+-------------------------------------------
     0 | D:1      | Delamore the Hill Orc Monk began the quest for the Orb.
     0 | D:1      | Reached XP level 1. HP: 19/19 MP: 1/1
    63 | D:1      | Reached XP level 2. HP: 26/26 MP: 2/2
   173 | D:1      | Reached skill level 5 in Axes
   359 | D:1      | Reached XP level 3. HP: 31/31 MP: 3/3
   868 | D:1      | Reached skill level 6 in Axes
  1123 | D:2      | Reached XP level 4. HP: 30/39 MP: 4/4
  1766 | D:2      | Noticed Natasha
  1772 | D:2      | Killed Natasha
  1772 | D:2      | Reached skill level 7 in Axes
  1806 | D:2      | Reached XP level 5. HP: 12/45 MP: 5/5
  2278 | D:3      | Became a worshipper of Beogh the Brigand
  2278 | D:3      | Reached * piety under Beogh
  2278 | D:3      | Reached ** piety under Beogh
  2636 | D:3      | Reached skill level 8 in Axes
  3264 | D:3      | Reached XP level 6. HP: 40/51 MP: 6/6
  3463 | D:3      | Found a runed translucent door.
  3464 | D:3      | Noticed Crazy Yiuf
  3475 | D:3      | Killed Crazy Yiuf
  3475 | D:3      | Reached skill level 9 in Axes
  3786 | D:3      | Noticed Terence
  3793 | D:3      | Killed Terence
  3911 | D:3      | Found a shadowy altar of Dithmenos.
  4034 | D:3      | Found a faded altar of an unknown god.
  4173 | D:3      | Noticed Robin
  4184 | D:3      | Killed Robin
  4787 | D:4      | Reached skill level 10 in Axes
  4787 | D:4      | Reached XP level 7. HP: 57/57 MP: 7/7
  4857 | D:4      | Reached *** piety under Beogh
  5705 | D:5      | Entered Level 5 of the Dungeon
  5723 | D:5      | Found a runed translucent door.
  5723 | D:5      | Noticed Acheron's ghost (amateur VSAs)
  5767 | D:5      | Killed Acheron's ghost
  5772 | D:5      | Found a runed translucent door.
  5777 | D:5      | Noticed Pikel
  6018 | D:5      | Reached skill level 11 in Axes
  6099 | D:5      | Killed Pikel
  6099 | D:5      | Reached skill level 5 in Fighting
  6099 | D:5      | Reached XP level 8. HP: 65/70 MP: 8/8
  6277 | D:5      | Reached skill level 12 in Axes
  6478 | D:5      | Found a staircase to the Ecumenical Temple.
  6535 | D:5      | Noticed Edmund
  6557 | D:5      | Killed Edmund
  7067 | D:6      | Reached **** piety under Beogh
  7077 | D:6      | Gained Dorog as an ally
  7293 | D:6      | Reached skill level 13 in Axes
  7341 | D:6      | Reached XP level 9. HP: 78/78 MP: 9/9
  7744 | D:7      | Upgraded the game from 0.24.0-3-g28a8eb0610 to
                  | 0.24.0-7-gb3623d2c88
  9201 | D:8      | Found a sacrificial altar of Ru.
  9362 | D:8      | Reached skill level 14 in Axes
  9709 | D:8      | Noticed a two-headed ogre
  9720 | D:8      | Killed a two-headed ogre
 10167 | D:8      | Found a blossoming altar of Fedhas.
 10598 | D:9      | Noticed Erica
 10646 | D:9      | Your ally Dorog died
 10672 | D:9      | Killed Erica
 10672 | D:9      | Reached skill level 15 in Axes
 10672 | D:9      | Reached XP level 10. HP: 9/91 MP: 10/10
 11601 | D:9      | Noticed a two-headed ogre
 11618 | D:9      | Demolished by a two-headed ogre

Levels and vault maps discovered:
D:1:      eino_arrival_water_cross, layout_basic, fountainhead,
          minmay_misc_feat_enclosed, st_stairs_13
D:2:      layout_basic, minmay_hexomino_u4, uniq_natasha
D:3:      layout_basic, chequers_ecumenical_altar_grove, grunt_dithmenos_smoke,
          uniq_robin, uniq_terence, uniq_crazy_yiuf_cottage
D:4:      layout_loops_ring, first_ration, minmay_distorted
D:5:      layout_loops_ring, minmay_temple_entry_purple_smoke,
          ebering_ghost_sewer_f, uniq_pikel, uniq_edmund
D:6:      kennysheep_six_static_rooms, layout_loops_cross, feat_on_display
D:7:      layout_layer_cave
D:8:      layout_basic, overflow_temple_1_default, basic_altar
D:9:      layout_roguey, serial_shops, shop, kennysheep_little_box,
          nicolae_qazlal_general_emergency, uniq_erica

Skill      XL: |  1  2  3  4  5  6  7  8  9 |
---------------+----------------------------+-----
Axes           | 5 6 7 8 10 11 13 15 | 15.6
Fighting       | 5 6 9 |  9.4
Dodging        | |  2.4
Stealth        | |  1.5

Action                   |  1- 3 |  4- 6 |  7- 9 | 10-12 || total
-------------------------+-------+-------+-------+-------++-------
Melee: Hand axe          |   115 |   315 |   465 |    55 ||   950
       Unarmed           |       |     2 |       |       ||     2
Throw: Dart              |       |     2 |     4 |       ||     6
Invok: Convert to Beogh  |       |     1 |       |       ||     1
 Abil: Evoke Berserk Rag |       |     2 |     5 |       ||     7
Evoke: Wand              |       |       |     3 |       ||     3
  Use: Potion            |       |     2 |     5 |       ||     7
       Scroll            |       |     2 |     9 |       ||    11
 Stab: Sleeping          |     3 |     2 |       |       ||     5
       Distracted        |       |       |     2 |     1 ||     3
  Eat: Ration            |       |     2 |     1 |       ||     3
       Chunk             |       |     8 |    18 |     4 ||    30
Armor: Robe              |    12 |       |       |       ||    12
       Leather armour    |    22 |    23 |       |       ||    45
       Scale mail        |       |    53 |   150 |    19 ||   222
       Skin              |       |       |    37 |       ||    37
Dodge: Dodged            |    79 |   129 |   151 |    12 ||   371
